 Dungeon Crawl Stone Soup version 0.29.1-2-gbd0b4ee654 (webtiles) character file.

Game seed: 10927131102750329946

133 dohliylev the Ruffian (level 4, 0/66 HPs)
             Began as a Troll Berserker on Nov 6, 2022.
             Was a Believer of Trog.
             Succumbed to an orc priest's poison
             ... on level 3 of the Dungeon.
             The game lasted 00:04:00 (1902 turns).

dohliylev the Ruffian (Troll Berserker)             Turns: 1902, Time: 00:04:00

Health: 0/66       AC:  5    Str: 27    XL:     4   Next: 93%
Magic:  3/3        EV:  7    Int:  3    God:    Trog [**....]
Gold:   150        SH: 12    Dex:  9    Spells: 3/3 levels left

rFire   . . .      SeeInvis .     - Unarmed
rCold   . . .      Faith    .   g - +2 tower shield
rNeg    . . .      Spirit   .   a - +0 animal skin
rPois   .          Reflect  .   (helmet restricted)
rElec   .          Harm     .   h - +0 cloak
rCorr   .          Rampage  .   (gloves unavailable)
Will    .....                   (boots unavailable)
Stlth   ..........              (no amulet)
HPRegen 1.01/turn               (no ring)
MPRegen 0.08/turn               (no ring)

@: berserking, lethally poisoned (0 -> -14), very quick
A: large, unfitting armour, claws 3, regeneration 1, shaggy fur 1, tough skin 1
a: Renounce Religion, Berserk, Trog's Hand


You were on level 3 of the Dungeon.
You worshipped Trog.
Trog was pleased with you.
You visited 1 branch of the dungeon, and saw 3 of its levels.

You collected 150 gold pieces.

Inventory:

Armour
 a - a +0 animal skin (worn)
 g - a +2 tower shield (worn)
 h - a +0 cloak (worn)
Scrolls
 c - a scroll of identify {unknown}
 e - a scroll of amnesia {unknown}
 f - a scroll of blinking {unknown}
 i - a scroll of magic mapping {unknown}
 k - a scroll of fear {unknown}
 l - a scroll of enchant weapon {unknown}
 n - a scroll of immolation {unknown}
 o - a scroll of teleportation {unknown}
 p - a scroll of poison {unknown}
Potions
 b - a potion of resistance {unknown}
 d - 2 potions of flight {unknown}
 j - 3 potions of attraction {unknown}
 m - a potion of heal wounds {unknown}


   Skills:
 + Level 2.8 Fighting
 + Level 3.1 Dodging
 + Level 1.2 Shields
 + Level 4.4 Unarmed Combat


You had 3 spell levels left.
You didn't know any spells.
Your spell library was empty.

Dungeon Overview and Level Annotations

Branches:
Dungeon (3/15)

Altars:
Hepliaklqana
Qazlal

Shops:
D:1 *:


Innate Abilities, Weirdness & Mutations

You are too large for most types of armour.
You have claws for hands.
Your natural rate of healing is unusually fast.
You are covered in fur. (AC +1)
You have tough skin. (AC +1)


Message History

You scratch the endoplasm.
You kill the endoplasm!
Trog accepts your kill. The orc closely misses you.
You scratch the orc but do no damage. You block the orc's attack.
You scratch the orc.
The orc is heavily wounded.
You scratch the orc.
The orc is heavily wounded.
You block the orc's attack. The orc misses you.
The orc hits you with a +0 hand axe. You block the orc's attack.
You closely miss the orc.
The orc is heavily wounded.
The orc barely misses you.
The orc priest invokes the aid of Beogh against you.
Beogh smites you! You block the orc's attack.
You mangle the orc!!
You kill the orc!
Trog accepts your kill. You block the orc's attack.
The orc priest calls upon Beogh to heal the orc.
The orc's wounds heal themselves!
The orc hits you with a +0 flail.
* * * LOW HITPOINT WARNING * * *
The orc priest hits you with a +2 whip of venom.
* * * LOW HITPOINT WARNING * * *
You are poisoned.
Things that are here:
a +0 hand axe; an orc corpse A red film seems to cover your vision as you go berserk!
You feel yourself moving faster!
You feel mighty!
You feel very sick. The orc hits you with a +0 flail.
* * * LOW HITPOINT WARNING * * *
The orc priest hits you with a +2 whip of venom.
* * * LOW HITPOINT WARNING * * *
You are lethally poisoned!
You claw the orc priest!
The orc priest is almost dead.
You die...

### ####### ## ### #..
....... .. ..# #.# ##.....
.# #.# #.. ....... .#
##.#######.# .#.....####.#
#..........# ......).o@..#
#..#######.#
...####.##o.###..#######..
#.##................
..##.####..#######..
.####.####..########. ..
#............# ## $.
####.....###.# ... #.#.#.#
#.#...#


You could see an orc priest and an orc.

Vanquished Creatures
  An orc priest (D:3)
  An orc wizard (D:3)
  An adder (D:2)
  2 dart slugs
  7 orcs
  4 endoplasms
  3 giant cockroaches
  2 goblins
  8 hobgoblins
  2 jackals (D:2)
  3 quokkas
  5 ball pythons
  6 bats
  6 frilled lizards
  6 kobolds
  4 rats
61 creatures vanquished.

Notes
Turn   | Place    | Note
-------+----------+-------------------------------------------
     0 | D:1      | dohliylev the Troll Berserker began the quest for the Orb.
     0 | D:1      | Reached XP level 1. HP: 22/22 MP: 0/0
    45 | D:1      | Found Siussoc's Vocational Training.
   283 | D:1      | Reached XP level 2. HP: 29/29 MP: 1/1
   414 | D:1      | Reached ** piety under Trog
   671 | D:1      | Found Lobad's General Store.
   907 | D:2      | Reached XP level 3. HP: 36/36 MP: 2/2
  1129 | D:2      | Found a hazy altar of Hepliaklqana.
  1740 | D:3      | Reached XP level 4. HP: 42/44 MP: 3/3
  1796 | D:3      | Reached skill level 4 in Unarmed Combat
  1810 | D:3      | Reached skill level 1 in Shields
  1819 | D:3      | Found a stormy altar of Qazlal.
  1902 | D:3      | Succumbed to an orc priest's poison

Illustrated notes

Levels and vault maps discovered:
D:1:      dpeg_arrival_rooms_with_view, layout_loops_corners, serial_shops,
          nicolae_shop_behind_doors, nicolae_shop_vocational
D:2:      layout_basic, basic_altar, minmay_box_of_dots
D:3:      layout_loops_ring, nicolae_qazlal_scattered_showers, serial_shops,
          shop_scrolls, dreamdust_wishing_well

Skill      XL: |  1  2  3  4 |
---------------+-------------+-----
Dodging        | 3 |  3.1
Unarmed Combat | 4 |  4.4
Shields        | 1 |  1.2
Fighting       | |  2.8

Action                   |  1- 3 |  4- 6 || total
-------------------------+-------+-------++-------
Melee: Unarmed           |   125 |    27 ||   152
       Punch             |     1 |       ||     1
Invok: Berserk           |       |     1 ||     1
Armor: Animal skin       |    41 |     4 ||    45
Dodge: Dodged            |    56 |     7 ||    63
Block: Tower shield      |    45 |    23 ||    68
